 Dungeon Crawl Stone Soup version 0.20.1-1-g8b1a95d (webtiles) character file.

81 MBI the Bolt Thrower (level 4, -1/37 HPs)
             Began as a Ghoul Hunter on Aug 5, 2017.
             Slain by a gnoll
             ... wielding a +0 flail
              (7 damage)
             ... on level 2 of the Dungeon.
             The game lasted 00:14:28 (1463 turns).

MBI the Bolt Thrower (Ghoul Hunter)                 Turns: 1463, Time: 00:14:28

Health: -1/37      AC: 11    Str: 16    XL:     4   Next: 40%
Magic:  3/3        EV:  5    Int:  6    God:
Gold:   82         SH:  0    Dex:  9    Spells: 3/3 levels left

rFire    . . .     SeeInvis .   b - +0 short sword
rCold    + + .     Gourm    .   (no shield)
rNeg     + + +     Faith    .   g - +1 plate armour {rC+}
rPois    ∞         Spirit   .   (no helmet)
rElec    .         Reflect  .   (no cloak)
rCorr    .         Harm     .   (no gloves)
MR       .....                  (no boots)
Stlth    ..........             (no amulet)
Regen    0.0/turn               (no ring)
MPRegen  0.1/turn               (no ring)

@: rotting
A: rotting body, claws 1, carnivore 3, cold resistance 1, negative energy
resistance 3, inhibited regeneration, torment resistance, unbreathing
a: no special abilities


You were on level 2 of the Dungeon.
You were not hungry.

You visited 1 branch of the dungeon, and saw 2 of its levels.

You collected 82 gold pieces.

Inventory:

Hand Weapons
 a - a +1 hand crossbow
 b - a +0 short sword (weapon)
Missiles
 d - 19 bolts
 h - 27 arrows
Armour
 c - a +0 leather armour
 g - a +1 plate armour of cold resistance (worn)
Jewellery
 i - an uncursed ring of positive energy
Scrolls
 j - a scroll of remove curse {unknown}
 k - a scroll of teleportation {unknown}
 m - a scroll of identify {unknown}
Potions
 e - a potion of flight {unknown}
Comestibles
 f - 2 meat rations
 l - a royal jelly
 n - a chunk of flesh


   Skills:
 + Level 2.5 Fighting
 + Level 1.6 Short Blades
 + Level 4.2 Crossbows
 + Level 1.1 Armour
 + Level 2.0 Dodging
 + Level 1.1 Stealth


You had 3 spell levels left.
You didn't know any spells.

Dungeon Overview and Level Annotations

Branches:
Dungeon (2/15)

Altars:
Gozag
Hepliaklqana


Innate Abilities, Weirdness & Mutations

Your body is rotting away.
You thrive on raw meat.
You are immune to poison.
You have sharp fingernails.
You are carnivorous and can eat meat at any time.
Your flesh is cold resistant. (rC+)
You are immune to negative energy. (rN+++)
You do not regenerate when monsters are visible.
You are immune to unholy pain and torment.
You can survive without breathing.


Message History

You hit the gnoll.
The gnoll is moderately wounded.
The gnoll hits you but does no damage.
You barely miss the gnoll.
The gnoll is moderately wounded.
The gnoll hits you with a flail!
You hit the gnoll.
The gnoll is heavily wounded.
The gnoll hits you with a flail.
* * * LOW HITPOINT WARNING * * *
You hit the gnoll but do no damage.
The gnoll is moderately wounded.
You barely miss the gnoll.
The gnoll is moderately wounded.
The gnoll hits you with a flail.
* * * LOW HITPOINT WARNING * * *
You hit the gnoll.
The gnoll is heavily wounded.
The gnoll hits you with a flail!
You die...

# ##.## #
..#.##...###.##
#......_.......
##.###...##.#.#
##.## # #.###.#
)..####.....#
#......#####
######.g@..#
#####.# .. ...
###


You could see a gnoll.

Vanquished Creatures
  2 gnolls (D:2)
  2 adders (D:2)
  3 dart slugs (D:1)
  4 giant cockroaches
  3 goblins (D:1)
  A hobgoblin (D:2)
  8 jackals
  4 kobolds
  4 bats (D:1)
  3 frilled lizards
  3 rats
37 creatures vanquished.

Notes
Turn   | Place    | Note
-------+----------+-------------------------------------------
     0 | D:1      | MBI the Ghoul Hunter began the quest for the Orb.
     0 | D:1      | Reached XP level 1. HP: 17/17 MP: 0/0
   138 | D:1      | Reached XP level 2. HP: 18/24 MP: 1/1
   157 | D:1      | Reached skill level 4 in Crossbows
   451 | D:1      | Reached XP level 3. HP: 24/30 MP: 2/2
  1070 | D:2      | Reached skill level 1 in Short Blades
  1256 | D:2      | Found an opulent altar of Gozag.
  1282 | D:2      | Reached XP level 4. HP: 22/37 MP: 3/3
  1419 | D:2      | Found a hazy altar of Hepliaklqana.
  1457 | D:2      | Reached skill level 1 in Armour
  1463 | D:2      | Slain by a gnoll

Skill      XL: |  1  2  3  4 |
---------------+-------------+-----
Crossbows      | 4 |  4.2
Dodging        | 2 |  2.0
Short Blades   | 1 |  1.6
Armour         | 1 |  1.1
Fighting       | |  2.5
Stealth        | |  1.1

Action                   |  1- 3 |  4- 6 || total
-------------------------+-------+-------++-------
Melee: Short sword       |   107 |    32 ||   139
       Hand crossbow     |     2 |       ||     2
 Fire: Hand crossbow     |    29 |       ||    29
  Eat: Chunk             |    18 |       ||    18
Armor: Leather armour    |    49 |       ||    49
       Plate armour      |    26 |    11 ||    37
Dodge: Dodged            |   109 |     7 ||   116
